 Dungeon Crawl Stone Soup version 0.32-a0-433-g08bcfe7efd (webtiles) character file.

Game seed: 2996314002614344359

2453 CougarLife the Cleaver (level 9, -6/84 HPs)
             Began as a Minotaur Fighter on Feb 23, 2024.
             Was a Believer of Beogh.
             Mangled by a deep troll (17 damage)
             ... on level 7 of the Dungeon.
             The game lasted 00:07:17 (6517 turns).

CougarLife the Cleaver (Minotaur Fighter)           Turns: 6517, Time: 00:07:17

Health: -6/84      AC: 12    Str: 24    XL:     9   Next: 25%
Magic:  8/8        EV:  9    Int:  5    God:    Beogh [**....]
Gold:   372        SH:  4    Dex: 11    Spells: 8/8 levels left

rFire   . . .        a - +0 war axe
rCold   . . .        c - +0 buckler
rNeg    . . .        B - +4 scale mail
rPois   .            (helmet restricted)
rElec   .            q - +0 cloak
rCorr   .            (no gloves)
SInv    .            (no boots)
Will    +....        A - amulet of the acrobat Stlth
                     k - +4 ring of slaying
HPRegen 0.34/turn    o - ring of willpower
MPRegen 0.11/turn

%: acrobat
@: mighty
A: horns 2, retaliatory headbutt
a: Renounce Religion, Smiting


You were on level 7 of the Dungeon.
You worshipped Beogh.
Beogh was pleased with you.
You visited 1 branch of the dungeon, and saw 7 of its levels.

You collected 372 gold pieces.

Inventory:

Hand Weapons
 a - a +0 war axe (weapon)
Missiles
 r - 2 throwing nets (quivered)
 t - 16 boomerangs
Armour
 c - a +0 buckler (worn)
 q - a +0 cloak (worn)
 B - a +4 scale mail (worn)
Jewellery
 k - a +4 ring of slaying (left hand)
 o - a ring of willpower (right hand)
 A - an amulet of the acrobat (around neck)
Wands
 b - a wand of roots (4)
Scrolls
 e - a scroll of enchant weapon {unknown}
 f - 3 scrolls of identify
 h - 2 scrolls of noise
 j - a scroll of enchant armour {unknown}
 m - 2 scrolls of revelation
 p - 2 scrolls of teleportation {unknown}
 x - a scroll of amnesia {unknown}
 y - a scroll of fog {unknown}
Potions
 d - a potion of might
 g - a potion of attraction {unknown}
 i - 2 potions of enlightenment {unknown}
 l - 3 potions of invisibility {unknown}
 n - 2 potions of cancellation {unknown}
 s - 3 potions of curing {unknown}
 u - a potion of heal wounds {unknown}
 v - 2 potions of resistance {unknown}
 w - 2 potions of mutation {unknown}
 z - a potion of lignification {unknown}


   Skills:
 + Level 9.4 Fighting
 * Level 12.1 Axes
 - Level 4.0 Armour
 - Level 4.0 Shields


You had 8 spell levels left.
You didn't know any spells.
Your spell library contained the following spells:

 Spells                   Type           Power      Damage    Failure   Level
 Freeze                   Ice            0%         1d3       83%         1
 Necrotise                Necr           0%         1d4       83%         1
 Mercury Vapours          Alch/Air       0%         N/A       92%         2
 Dazzling Flash           Conj/Hex       0%         N/A       99%         3
 Frozen Ramparts          Ice            0%         1d1       99%         3
 Hailstorm                Conj/Ice       0%         3d5       99%         3
 Mephitic Cloud           Conj/Alch/Air  0%         N/A       99%         3
 Vampiric Draining        Necr           0%         2d6       99%         3
 Volatile Blastmotes      Fire/Tloc      0%         2d10      99%         3
 Martyr's Knell           Necr/Summ      0%         N/A       100%        4
 Curse of Agony           Necr           0%         N/A       100%        5
 Freezing Cloud           Conj/Ice/Air   0%         6-21      100%        5
 Starburst                Conj/Fire      0%         6d3       100%        6
 Maxwell's Capacitive Co  Air            0%         ∞         100%        8


Dungeon Overview and Level Annotations

Branches:
Dungeon (7/15)
 Temple: D:4-7

Altars:
Ashenzari
Dithmenos
Makhleb
Okawaru

Shops:
D:2 (


Innate Abilities, Weirdness & Mutations

Your facial features look somewhat orcish.
You have a pair of horns on your head.
You reflexively headbutt those who attack you in melee.


Message History

A deep troll comes into view.
The deep troll shouts! x2
You block the deep troll's attack. The deep troll completely misses you.
The deep troll barely misses you.
You feel very mighty all of a sudden.
The deep troll bites you but does no damage.
The deep troll claws you! x2
You slice the deep troll!!
The deep troll is moderately wounded.
The deep troll bites you but does no damage.
The deep troll barely misses you. The deep troll claws you.
You slash the deep troll!
The deep troll is heavily wounded.
The deep troll barely misses you. The deep troll claws you!
The deep troll completely misses you.
You barely miss the deep troll.
The deep troll is heavily wounded.
You block the deep troll's attack. The deep troll claws you.
You block the deep troll's attack.
You slice the deep troll!!
The deep troll is almost dead.
The deep troll bites you! You block the deep troll's attack.
The deep troll claws you but does no damage.
You slash the deep troll!
You kill the deep troll!
Beogh accepts your kill.
Your Fighting skill increases to level 9!
Your Axes skill increases to level 12!
As you read the scroll labelled HOETHO XOUNESAV, it crumbles to dust.
It is a scroll of identify.
h - 2 scrolls of noise The deep troll bites you!!
* * * LOW HITPOINT WARNING * * *
The deep troll claws you.
* * * LOW HITPOINT WARNING * * *
The deep troll barely misses you.
As you read the scroll of identify, it crumbles to dust.
m - 2 scrolls of revelation The deep troll bites you!
You die...

#.........# .....
+.......###.......#
....
#.......#.#.......#
....
#.......#.#.......#
#.........#.......
########..##.....
#...##TTT #....##T#
#....##@# #.......#
#########


You could see 4 deep trolls.

Vanquished Creatures
  A deep troll (D:7)
  A water moccasin (D:6)
  An ogre (D:5)
  2 centaurs (D:5)
  A kobold brigand (D:3)
  4 gnoll sergeants
  2 scorpions (D:6)
  2 bombardier beetles
  3 howler monkeys
  2 jellies
  3 orc priests
  6 hounds
  Crazy Yiuf (D:2)
  3 iguanas
  2 orc wizards
  5 adders
  34 gnolls
  A shadow imp (D:7)
  3 dart slugs
  2 ribbon worms
  37 orcs
  10 endoplasms
  3 giant cockroaches (D:2)
  6 goblins
  5 hobgoblins
  17 jackals
  2 quokkas (D:2)
  6 ball pythons
  7 bats
  6 frilled lizards
  7 kobolds
  4 rats
189 creatures vanquished.

Vanquished Creatures (others)
  2 orcs
  A hobgoblin (D:3)
3 creatures vanquished.

Grand Total: 192 creatures vanquished

Notes
Turn   | Place    | Note
-------+----------+-------------------------------------------
     0 | D:1      | CougarLife the Minotaur Fighter began the quest for the
                  | Orb.
     0 | D:1      | Reached XP level 1. HP: 19/19 MP: 0/0
   472 | D:1      | Reached XP level 2. HP: 26/26 MP: 1/1
   993 | D:2      | Reached skill level 3 in Axes
   993 | D:2      | Reached XP level 3. HP: 33/33 MP: 2/2
  1266 | D:2      | Found Doamor's Weapon Shop.
  1665 | D:2      | Reached skill level 4 in Axes
  1678 | D:2      | Reached XP level 4. HP: 38/41 MP: 3/3
  1792 | D:2      | Found a runed translucent door.
  1793 | D:2      | Noticed Crazy Yiuf
  1800 | D:2      | Killed Crazy Yiuf
  1892 | D:3      | Reached skill level 5 in Axes
  1892 | D:3      | Reached XP level 5. HP: 44/47 MP: 4/4
  2027 | D:3      | Reached skill level 5 in Fighting
  2044 | D:3      | Reached skill level 6 in Axes
  2098 | D:3      | Reached XP level 6. HP: 56/56 MP: 5/5
  2254 | D:3      | Became a worshipper of Beogh the Shepherd
  2479 | D:3      | Reached skill level 7 in Axes
  2694 | D:3      | Reached XP level 7. HP: 42/63 MP: 6/6
  2879 | D:3      | Reached * piety under Beogh
  3086 | D:3      | Found a broken altar of Ashenzari.
  3160 | D:3      | Found a shadowy altar of Dithmenos.
  3172 | D:3      | Reached skill level 8 in Axes
  3278 | D:3      | Found an iron altar of Okawaru.
  4069 | D:5      | Entered Level 5 of the Dungeon
  4257 | D:5      | Reached skill level 9 in Axes
  4374 | D:5      | Reached XP level 8. HP: 61/73 MP: 7/7
  4446 | D:5      | Reached ** piety under Beogh
  4898 | D:5      | Reached skill level 10 in Axes
  5539 | D:6      | Found a burning altar of Makhleb.
  5779 | D:6      | Reached skill level 11 in Axes
  6490 | D:7      | Reached XP level 9. HP: 80/82 MP: 8/8
  6505 | D:7      | Noticed a deep troll
  6505 | D:7      | Noticed a deep troll
  6506 | D:7      | Noticed a deep troll
  6506 | D:7      | Noticed a deep troll
  6507 | D:7      | Noticed a deep troll
  6515 | D:7      | Killed a deep troll
  6516 | D:7      | Reached skill level 12 in Axes
  6517 | D:7      | Mangled by a deep troll

Illustrated notes

Levels and vault maps discovered:
D:1:      spicycebolla_arrival_xxxplode, layout_loops_corners,
          kennysheep_another_room
D:2:      layout_basic, serial_shops, nicolae_shop_bloodbath_and_beyond,
          serial_bayou, serial_bayou_lagoon_a, serial_bayou_ford_a,
          serial_bayou_pond_e, serial_bayou_pond_d, hex_intersection,
          uniq_crazy_yiuf_cottage
D:3:      lemuel_castle_with_subvaults [lemuel_castle_interior_carwin_2],
          layout_rooms, mainiacjoe_overflow_small_starburst,
          mainiacjoe_overflow_paths, grunt_dithmenos_smoke_and_mirrors
D:4:      layout_rooms, nrook_campfire
D:5:      layout_gridville
D:6:      layout_cave_pods, lightli_temple_of_fire
D:7:      layout_gridville, lemuel_round_altar,
          chequers_temple_overflow_statue_of_worship, lemuel_doored_altar,
          minmay_temple_entry_large_hall,
          hellmonk_guarded_unrand_vitality_bloodlust

Skill      XL: |  1  2  3  4  5  6  7  8  9 |
---------------+----------------------------+-----
Armour         | 4 |  4.0
Shields        | 4 |  4.0
Axes           | 3 4 5 6 7 9 11 12 | 12.1
Fighting       | 4 5 6 7 8 9 |  9.4

Action                     |  1- 3 |  4- 6 |  7- 9 || total
---------------------------+-------+-------+-------++-------
  Melee: War axe           |    84 |   109 |   151 ||   344
         Headbutt          |    11 |    16 |    29 ||    56
 Invoke: Convert to Beogh  |       |     1 |       ||     1
    Use: Scroll            |       |       |     2 ||     2
         Potion            |       |       |     1 ||     1
 Armour: Scale mail        |    63 |    84 |   129 ||   276
  Dodge: Dodged            |    37 |    57 |    78 ||   172
  Block: Buckler           |    18 |    27 |    40 ||    85

Table legend: (Time is in decaauts)
 A = Elapsed time spent in this place.
 B = Non-inter-level travel time spent in this place.
 C = Inter-level travel time spent in this place.
 D = Time resting spent in this place.
 E = Time spent auto-exploring this place.
 F = Levels seen in this place.
 G = Mean time per level.
                   A        B        C        D        E       F      G
               +--------+--------+--------+--------+--------+-----+--------+
         Total |   6617 |   6244 |    373 |   1217 |   3924 |   7 |  945.3 |
       Dungeon |   6617 |   6244 |    373 |   1217 |   3924 |   7 |  945.3 |
               +--------+--------+--------+--------+--------+-----+--------+

Top non-repeatable levels by time:
     D:2: 1446 daAuts
     D:3: 1410 daAuts
     D:5: 1226 daAuts
     D:6: 1190 daAuts
     D:1: 908 daAuts
     D:4: 400 daAuts
     D:7: 33 daAuts
